 Dungeon Crawl Stone Soup version 0.29-a0-270-g1586fc07ea (webtiles) character file.

Game seed: 14111144220460057213

893 dolemite99 the Carver (level 7, -1/57 HPs)
             Began as a Minotaur Fighter on Mar 8, 2022.
             Was an Initiate of Gozag.
             Slain by a gnoll
             ... wielding a +3 flail
              (2 damage)
             ... on level 4 of the Dungeon.
             The game lasted 00:04:28 (5235 turns).

dolemite99 the Carver (Minotaur Fighter)            Turns: 5235, Time: 00:04:28

Health: -1/57      AC: 12    Str: 22 (23) XL:     7   Next: 78%
Magic:  6/6        EV:  6    Int:  2 (5)  God:    Gozag
Gold:   512        SH:  4    Dex:  7 (9)  Spells: 6/6 levels left

rFire   . . .      SeeInvis .   a - +1 long sword
rCold   . . .      Faith    .   c - +0 buckler
rNeg    . . .      Spirit   .   l - +0 plate armour
rPois   .          Reflect  .   (helmet restricted)
rElec   +          Harm     .   p - +2 cloak
rCorr   .          Rampage  .   (no gloves)
Will    .....                   o - +0 pair of boots
Stlth   ..........              (no amulet)
HPRegen 0.19/turn               (no ring)
MPRegen 0.10/turn               (no ring)

@: lit by a corona, gold aura, glowing
A: horns 2, retaliatory headbutt, iridescent scales 1, deformed body,
electricity resistance
a: Renounce Religion, Potion Petition, Call Merchant, Bribe Branch


You were on level 4 of the Dungeon.
You worshipped Gozag.
Gozag was pleased with you.
You visited 1 branch of the dungeon, and saw 4 of its levels.

You collected 512 gold pieces.

Inventory:

Hand Weapons
 a - a +1 long sword (weapon)
Missiles
 d - 17 poisoned darts (quivered)
 q - 86 stones
 x - a throwing net
Armour
 b - a +0 scale mail
 c - a +0 buckler (worn)
 l - a +0 plate armour (worn)
 o - a +0 pair of boots (worn)
 p - a +2 cloak (worn)
Jewellery
 h - a ring of ice
 k - a ring of ice
Wands
 r - a wand of mindburst (12)
 u - a wand of polymorph (3)
Potions
 g - a potion of magic
 j - a potion of flight
 v - a potion of mutation


   Skills:
 - Level 3.6 Fighting
 + Level 10.9 Long Blades
 - Level 3.6 Armour
 - Level 3.6 Shields


You had 6 spell levels left.
You didn't know any spells.
Your spell library contained the following spells:

 Spells                   Type           Power      Damage    Failure   Level
 Beastly Appendage        Tmut           0%         N/A       100%        1
 Wereblood                Tmut           0%         N/A       100%        2
 Spider Form              Tmut/Pois      0%         N/A       100%        3


Dungeon Overview and Level Annotations

Branches:
Dungeon (4/15)
 Temple: D:4-7

Altars:
Gozag


Innate Abilities, Weirdness & Mutations

You have a pair of horns on your head.
You reflexively headbutt those who attack you in melee.
You are partially covered in iridescent scales. (AC +2)
Armour fits poorly on your strangely shaped body.
You are resistant to electric shocks. (rElec)


Message History

You closely miss the gnoll shaman.
The gnoll shaman is no longer distracted by gold.
The gnoll shaman is moderately wounded.
The gnoll shaman hits you with a +0 club.
* * * LOW HITPOINT WARNING * * *
It was a potion of mutation.
You feel extremely strange.
Iridescent scales grow over part of your body.
You feel insulated.
Your body twists and deforms.
You block the gnoll shaman's attack.
It was a potion of degeneration.
There was something very wrong with that liquid.
You feel weakened.
You feel dopey.
You feel clumsy.
The gnoll shaman mumbles some strange prayers to its god against you.
You resist with some effort.
You closely miss the gnoll shaman.
The gnoll shaman is moderately wounded.
The gnoll shaman hits you with a +0 club.
* * * LOW HITPOINT WARNING * * *
You closely miss the gnoll shaman.
The gnoll shaman is moderately wounded.
The gnoll shaman hits you but does no damage.
You hit the gnoll shaman.
The gnoll shaman is severely wounded.
You barely miss the gnoll shaman.
The gnoll shaman is severely wounded.
You feel less wooden.
Your +2 cloak unmelds from your body.
Your +0 pair of boots unmelds from your body.
Your +0 plate armour unmelds from your body.
The gnoll shaman calls down the wrath of its god upon you.
You are outlined in light.
You slash the gnoll shaman!
You kill the gnoll shaman!
You barely miss the gnoll. The gnoll hits you with a +3 flail.
* * * LOW HITPOINT WARNING * * *
You hit the gnoll.
The gnoll is lightly wounded.
The gnoll hits you but does no damage. The gnoll hits you with a +3 flail.
You die...
Your body crumbles into a pile of gold.

#.# #.## *###...,,**,*
###.#
#.#.###......,,**,*
....#
#.#.....##...,,**,***
....#
####.##..#......,,*,,,,,
....#
#....##.....#*'**,,,,**,
.#.##
#.##.#.l...##,,,****,,,,
.#.#
#.##...###e.#,,,*,,***,,
##.#
#)##..##.#.....,*,,*,**,
#.#
#.###.g@.#..#,.,*,,*,,',
#.# #)#
#.##.#..#,,,*,,*,**, #.#
#)# #..###..#,,,*,,**#,,
#.#
#.####...##'#,$,*'##.,,*
#.#
#......[....#####....***
#.#
#######...........#.#*
##.# #.#####.#.....#
...#
#########..)....).##..#
##.#
#.........#####.......#


You could see a gnoll (fast).

Vanquished Creatures
  A wyvern (D:4)
  Duvessa (D:4)
  A black bear (D:4)
  An ogre (D:4)
  Blork the orc (D:4)
  A scorpion (D:3)
  Dowan (D:4)
  4 hounds
  A gnoll shaman (D:4)
  3 gnolls (D:4)
  4 adders
  2 worms
  4 orcs
  7 endoplasms
  7 giant cockroaches
  6 hobgoblins
  3 jackals (D:4)
  6 kobolds
  2 quokkas
  9 ball pythons
  8 bats
  A frilled lizard (D:1)
  6 goblins
  7 rats
87 creatures vanquished.

Notes
Turn   | Place    | Note
-------+----------+-------------------------------------------
     0 | D:1      | dolemite99 the Minotaur Fighter began the quest for the
                  | Orb.
     0 | D:1      | Reached XP level 1. HP: 19/19 MP: 0/0
   290 | D:1      | Reached skill level 3 in Long Blades
   341 | D:1      | Reached XP level 2. HP: 22/26 MP: 1/1
   789 | D:1      | Reached skill level 4 in Long Blades
   927 | D:1      | Reached XP level 3. HP: 27/31 MP: 2/2
  1115 | D:2      | Found a faded altar of an unknown god.
  1204 | D:2      | Prayed at the altar of an unknown god.
  1204 | D:2      | Became a worshipper of Gozag Ym Sagoz the Greedy
  1651 | D:2      | You fall into a shaft and drop 1 floor!
  1799 | D:3      | Noticed a scorpion
  1823 | D:3      | Reached skill level 5 in Long Blades
  1826 | D:3      | Reached XP level 4. HP: 26/39 MP: 3/3
  1831 | D:3      | Killed a scorpion
  1832 | D:3      | Reached skill level 6 in Long Blades
  1832 | D:3      | Reached XP level 5. HP: 31/45 MP: 4/4
  2872 | D:4      | Reached skill level 7 in Long Blades
  3127 | D:4      | Noticed a black bear
  3145 | D:4      | Killed a black bear
  3146 | D:4      | Reached XP level 6. HP: 26/51 MP: 5/5
  3459 | D:4      | Reached skill level 8 in Long Blades
  4437 | D:4      | Noticed Blork the orc
  4438 | D:4      | Noticed Dowan
  4462 | D:4      | Killed Blork the orc
  4463 | D:4      | Reached skill level 9 in Long Blades
  4497 | D:4      | Killed Dowan
  4498 | D:4      | Reached XP level 7. HP: 29/57 MP: 6/6
  5194 | D:4      | Noticed a wyvern
  5195 | D:4      | Noticed Duvessa
  5208 | D:4      | Killed a wyvern
  5209 | D:4      | Reached skill level 10 in Long Blades
  5223 | D:4      | Killed Duvessa
  5227 | D:4      | Gained mutation: You are partially covered in iridescent
                  | scales. (AC +2) [potion of mutation]
  5227 | D:4      | Gained mutation: You are resistant to electric shocks.
                  | (rElec) [potion of mutation]
  5227 | D:4      | Gained mutation: Armour fits poorly on your strangely
                  | shaped body. [potion of mutation]
  5229 | D:4      | HP: 3/85 [gnoll shaman/+0 club (4)]
  5234 | D:4      | HP: 1/57 [gnoll/+3 flail (2)]
  5235 | D:4      | Slain by a gnoll

Illustrated notes

Levels and vault maps discovered:
D:1:      mrwooster_arrival_statue, layout_rooms, serial_corexii_hall,
          chequers_hall_statues_wall_a, chequers_hall_statues_wall_a,
          corexii_hall_statues_s, corexii_hall_statues_x
D:2:      layout_loops_corners, basic_ecumenical_altar, minmay_joined_circles,
          uniq_natasha, uniq_robin, uniq_crazy_yiuf_cottage
D:3:      layout_loops_corners, grunt_decor_fettered,
          minmay_randomly_rotated_circles
D:4:      black_bear_nest_1, layout_loops_ring, st_stairs_1,
          minmay_divided_ellipse, uniq_blork_the_orc, uniq_duvessa

Skill      XL: |  1  2  3  4  5  6  7 |
---------------+----------------------+-----
Long Blades    | 3 4 5 6 7 9 10 | 10.9
Fighting       | |  3.6
Armour         | |  3.6
Shields        | |  3.6

Action                   |  1- 3 |  4- 6 |  7- 9 || total
-------------------------+-------+-------+-------++-------
Melee: Long sword        |    96 |   142 |    48 ||   286
       Headbutt          |    10 |    19 |     6 ||    35
Throw: Stone             |       |    10 |       ||    10
       Dart              |       |    14 |     1 ||    15
  Use: Potion            |     3 |       |     3 ||     6
       Scroll            |       |     3 |     8 ||    11
Armor: Scale mail        |    30 |       |       ||    30
       Plate armour      |    37 |    95 |    11 ||   143
       Skin              |       |       |    14 ||    14
Dodge: Dodged            |    72 |    45 |     4 ||   121
Block: Buckler           |    29 |    29 |     7 ||    65

Table legend: (Time is in decaauts)
 A = Elapsed time spent in this place.
 B = Non-inter-level travel time spent in this place.
 C = Inter-level travel time spent in this place.
 D = Time resting spent in this place.
 E = Time spent auto-exploring this place.
 F = Levels seen in this place.
 G = Mean time per level.
                   A        B        C        D        E       F      G
               +--------+--------+--------+--------+--------+-----+--------+
         Total |   5264 |   5193 |     71 |   2139 |   2132 |   4 | 1316.0 |
       Dungeon |   5264 |   5193 |     71 |   2139 |   2132 |   4 | 1316.0 |
               +--------+--------+--------+--------+--------+-----+--------+

Top non-repeatable levels by time:
     D:4: 2375 daAuts
     D:3: 1217 daAuts
     D:1: 1048 daAuts
     D:2: 623 daAuts
